 Dungeon Crawl Stone Soup version 0.29.0-10-g45618ea6d2 (webtiles) character file.

Game seed: 10546129209459736856

107 Gorgormcgor the Stinger (level 4, 0/40 HPs)
             Began as an Octopode Venom Mage on Aug 31, 2022.
             Slain by an orc
             ... wielding a +0 club
              (4 damage)
             ... on level 4 of the Dungeon on Sept 1, 2022.
             The game lasted 00:22:47 (3496 turns).

Gorgormcgor the Stinger (Octopode Venom Mage)       Turns: 3496, Time: 00:22:50

Health: 0/40       AC:  1    Str:  7    XL:     4   Next: 85%
Magic:  5/8        EV: 13    Int: 19    God:
Gold:   27         SH:  0    Dex: 12    Spells: 3/9 levels left

rFire   . . .      SeeInvis .   l - +0 dagger (speed)
rCold   . . .      Faith    .   (no shield)
rNeg    . . .      Spirit   .   (helmet restricted)
rPois   .          Reflect  .   (no amulet)
rElec   .          Harm     .   (no ring)
rCorr   .          Rampage  .   (no ring)
Will    .....                   (no ring)
Stlth   ..........              (no ring)
HPRegen 0.13/turn               (no ring)
MPRegen 0.11/turn               (no ring)
                                (no ring)
                                (no ring)

@: berserking, very quick
A: almost no armour, amphibious, 8 rings, camouflage 1, gelatinous body 1,
(nimble swimmer 1), tentacles
a: no special abilities


You were on level 4 of the Dungeon.
You visited 1 branch of the dungeon, and saw 4 of its levels.

You collected 167 gold pieces.
You spent 140 gold pieces at shops.

Inventory:

Hand Weapons
 l - a +0 dagger of speed (weapon)
Missiles
 e - 6 atropa-tipped darts
Scrolls
 b - 2 scrolls of teleportation
 m - a scroll of brand weapon {unknown}
 n - a scroll of vulnerability {unknown}
Potions
 a - 2 potions of magic
 c - a potion of ambrosia {unknown}
 g - 2 potions of heal wounds
 j - 2 potions of curing


   Skills:
 + Level 0.0 Fighting
 + Level 2.4 Dodging
 + Level 3.7 Stealth
 - Level 0.2 Unarmed Combat
 + Level 3.2 Spellcasting
 + Level 0.0 Conjurations
 - Level 1.1 Transmutations
 + Level 0.7 Air Magic
 + Level 4.3 Poison Magic


You had 3 spell levels left.
You knew the following spells:

 Your Spells              Type           Power      Damage    Failure   Level
a - Sting                 Tmut/Pois      52%        1d5       4%          1
b - Poisonous Vapours     Pois/Air       24%        N/A       8%          2
c - Mephitic Cloud        Conj/Pois/Air  9%         N/A       22%         3

Your spell library contained the following spells:

 Spells                   Type           Power      Damage    Failure   Level
 Summon Small Mammal      Summ           12%        N/A       16%         1
 Call Canine Familiar     Summ           3%         N/A       41%         3
 Gell's Gravitas          Tloc           3%         N/A       41%         3
 Portal Projectile        Hex/Tloc       6%         N/A       41%         3
 Summon Guardian Golem    Hex/Summ       3%         N/A       41%         3
 Teleport Other           Tloc           3%         N/A       41%         3
 Olgreb's Toxic Radiance  Pois           19%        N/A       26%         4
 Leda's Liquefaction      Hex/Erth       1%         N/A       83%         4
 Dispersal                Tloc           1%         N/A       100%        6


Dungeon Overview and Level Annotations

Branches:
Dungeon (4/15)             Temple (0/1) D:4

Altars:
Uskayaw
Zin

Shops:
D:1 (   D:2 !   D:3 (

Annotations:
D:3 Ijyb


Innate Abilities, Weirdness & Mutations

You cannot wear most types of armour.
You are amphibious.
You can wear up to eight rings at the same time.
Your skin changes colour to match your surroundings (Stealth+).
Your rubbery body absorbs attacks. (AC +1, EV +1)
((You are camouflaged when in or above water. (Stealth+)))
You have tentacles for arms and can constrict up to eight enemies at once.


Message History

Confirm with . or Enter, or press ? or * to list all spells.
You can't see any susceptible monsters within range! (Use Z to cast anyway.)
You barely miss something.
The orc shouts!
Your squeeze misses something.
You hear some strange, mumbled words.
A magic dart appears from out of thin air!
The magic dart hits you.
You hit something but do no damage. Your squeeze misses something.
You barely miss something. Your squeeze misses something. Something hits you.
You miss something.
You hear some strange, mumbled words.
A puff of flame appears from out of thin air!
The puff of flame hits you!
You miss something. You closely miss something. Your squeeze misses something.
Something hits you.
* * * LOW HITPOINT WARNING * * *
Something hits you.
* * * LOW HITPOINT WARNING * * *
The orc attacks as you move away! The orc closely misses you.
You feel better. Something hits you. The orc hits you with a +0 club.
* * * LOW HITPOINT WARNING * * *
A red film seems to cover your vision as you go berserk!
You feel yourself moving faster!
You feel mighty! The orc hits you with a +0 club.
* * * LOW HITPOINT WARNING * * *
Something barely misses you.
You barely miss something. Your squeeze misses something. Something hits you.
* * * LOW HITPOINT WARNING * * *
The orc misses you.
You hit the orc. You grab the orc.
The orc is heavily wounded.
You constrict the orc, but do no damage.
You hit the orc but do no damage.
The orc is heavily wounded.
You constrict the orc, but do no damage.
You hear some strange, mumbled words.
A puff of flame appears from out of thin air!
The puff of flame misses you. The orc hits you with a +0 club.
You die...

***,,*,,,,,###**#..*#......#..#..
,**,,******#..###'###.........#8.
,*,,,,~~~~∩#?...............#..##
,*,,,,,~~~~#...............[.....
,*,,,,,~~~~#[..............#.....
,*,,,,,,,~~#...............######
,****,,,,,,#+###...##..#####
,,,,,,,,,***,*##{o.##..#
,,,,,,,,,+,,,,#.@...#..#
,,,,,,,,,*,,,,#.....#..#
,,,,,,,,,*+***##'#######
******+*,,,,,,#....##..##
,*,,,,,+,,,,,,#....#....#
,*,,,,,*,,,,,,#....'....#
********,,,,,,###########
********


You could see an orc.

Vanquished Creatures
  5 adders
  3 dart slugs
  An orc (D:3)
  6 endoplasms
  3 giant cockroaches
  4 goblins
  4 hobgoblins
  4 jackals (D:3)
  3 quokkas
  2 ball pythons
  7 bats
  4 frilled lizards
  A kobold (D:2)
  4 rats
51 creatures vanquished.

Notes
Turn   | Place    | Note
-------+----------+-------------------------------------------
     0 | D:1      | Gorgormcgor the Octopode Venom Mage began the quest for the
                  | Orb.
     0 | D:1      | Reached XP level 1. HP: 11/11 MP: 3/3
   297 | D:1      | Reached XP level 2. HP: 17/17 MP: 0/5
   450 | D:1      | Found Nofadop's Weapon Shop.
   506 | D:1      | Found a faded altar of an unknown god.
  1341 | D:1      | Learned a level 2 spell: Poisonous Vapours
  1605 | D:2      | Reached XP level 3. HP: 17/21 MP: 1/7
  2110 | D:2      | Found Noistreso's Distillery.
  2118 | D:2      | Bought a potion of berserk rage for 50 gold pieces
  2604 | D:3      | Reached skill level 4 in Poison Magic
  2676 | D:3      | Reached XP level 4. HP: 26/27 MP: 3/8
  2676 | D:3      | Upgraded the game from 0.29.0-7-g18a832c13a to
                  | 0.29.0-10-g45618ea6d2
  2724 | D:3      | Found Boepnip's Antique Weapon Boutique.
  2929 | D:3      | Found a hide-covered altar of Uskayaw.
  2962 | D:3      | Identified the +1 leather armour of the Spider Nest {rC+
                  | Str-5 Dex+4}
  3272 | D:3      | Noticed Ijyb
  3342 | D:4      | Found Zin's Purification Station.
  3349 | D:4      | Learned a level 3 spell: Mephitic Cloud
  3351 | D:4      | Found a glowing silver altar of Zin.
  3366 | D:4      | Bought a potion of curing for 90 gold pieces
  3496 | D:4      | Slain by an orc

Illustrated notes

Levels and vault maps discovered:
D:1:      nicolae_arrival_somewhat_less_tricky_arrival, layout_loops_ring,
          serial_shops, nicolae_shop_bloodbath_and_beyond, serial_forest,
          infiniplex_forest_lined_room_2, infiniplex_forest_clump_medium,
          infiniplex_forest_lined_2, infiniplex_forest_lined_room_2,
          basic_ecumenical_altar
D:2:      layout_basic, serial_shops, nicolae_square_shop
D:3:      kennysheep_the_goblin_king, layout_basic,
          eat_drink_and_be_merry_uskayaw, serial_shops, nicolae_square_shop
D:4:      layout_gridville, lemuel_tele_altar, zin_purify,
          mainiacjoe_overflow_alcove_4, minmay_temple_entry_statues_fountains,
          portal_sewer_entry_b, kennysheep_nub, minivault_1,
          kennysheep_generic_room_2

Skill      XL: |  1  2  3 |
---------------+----------+-----
Stealth        | 3 |  3.7
Poison Magic   | 4 |  4.3
Spellcasting   | 3 |  3.2
Dodging        | |  2.4
Unarmed Combat | |  0.2
Transmutations | |  1.1
Air Magic      | |  0.7

Action                   |  1- 3 |  4- 6 || total
-------------------------+-------+-------++-------
Melee: Unarmed           |    38 |     6 ||    44
       Tentacles         |    12 |     7 ||    19
       Constrict         |    11 |     7 ||    18
       Punch             |     1 |     1 ||     2
       Dagger            |       |    36 ||    36
 Cast: Sting             |    32 |    12 ||    44
       Poisonous Vapours |       |     9 ||     9
  Use: Scroll            |     4 |     5 ||     9
       Potion            |       |     2 ||     2
 Stab: Sleeping          |     4 |     3 ||     7
Armor: Skin              |    10 |     2 ||    12
Dodge: Dodged            |    38 |    32 ||    70
